 Dungeon Crawl Stone Soup version 0.26.1-11-gd32895ea62 (webtiles) character file.

Game seed: 8780475432184307356

34 phalm the Gusty (level 3, -1/25 HPs)
             Began as a Gnoll Wanderer on June 7, 2021.
             Killed from afar by a dart slug (3 damage)
             ... with a slug dart
             ... on level 2 of the Dungeon.
             The game lasted 00:02:44 (2110 turns).

phalm the Gusty (Gnoll Wanderer)                    Turns: 2110, Time: 00:02:45

Health: -1/25      AC:  2    Str: 20    XL:     3   Next: 31%
Magic:  4/4        EV: 11    Int: 14    God:
Gold:   136        SH:  5    Dex: 15    Spells: 3/3 levels left

rFire    . . .     SeeInvis .   a - +0 dagger
rCold    . . .     Faith    .   j - +0 buckler
rNeg     . . .     Spirit   .   d - +0 robe
rPois    .         Reflect  .   (no helmet)
rElec    .         Harm     .   (no cloak)
rCorr    .         Rampage  .   (no gloves)
Will     +....                  (no boots)
Stlth    ++........             (no amulet)
HPRegen  0.08/turn              n - ring of willpower
MPRegen  0.09/turn              S - +6 ring of strength

@: no status effects
A: distributed training, fangs 1, strong nose
a: no special abilities


You were on level 2 of the Dungeon.
You visited 1 branch of the dungeon, and saw 2 of its levels.

You collected 136 gold pieces.


Innate Abilities, Weirdness & Mutations

Your experience applies equally to all skills.
You have very sharp teeth.
Your uncanny sense of smell can sniff out nearby items.


   Skills:
 + Level 0.7 Fighting
 + Level 0.7 Short Blades
 + Level 0.7 Long Blades
 + Level 0.7 Axes
 + Level 0.7 Maces & Flails
 + Level 0.7 Polearms
 + Level 0.7 Staves
 + Level 0.7 Slings
 + Level 0.7 Bows
 + Level 0.7 Crossbows
 + Level 2.6 Throwing
 + Level 0.7 Armour
 + Level 0.7 Dodging
 + Level 0.7 Stealth
 + Level 2.6 Shields
 + Level 0.7 Unarmed Combat
 + Level 0.7 Spellcasting
 + Level 0.5 Conjurations
 + Level 0.5 Hexes
 + Level 3.7 Summonings
 + Level 0.5 Necromancy
 + Level 0.5 Translocations
 + Level 0.5 Transmutations
 + Level 2.1 Fire Magic
 + Level 0.5 Ice Magic
 + Level 5.4 Air Magic
 + Level 3.7 Earth Magic
 + Level 0.5 Poison Magic
 + Level 0.9 Invocations
 + Level 0.7 Evocations


You had 3 spell levels left.
You didn't know any spells.
Your spell library contained the following spells:

 Spells                   Type           Power        Failure   Level
 Call Imp                 Summ           11%          11%         2
 Freeze                   Ice            4%           26%         1
 Magic Dart               Conj           4%           26%         1
 Blink                    Tloc           N/A          36%         2
 Slow                     Hex            1%           36%         2
 Mephitic Cloud           Conj/Pois/Air  6%           36%         3
 Conjure Flame            Conj/Fire      4%           50%         3
 Frozen Ramparts          Ice            2%           61%         3

Inventory:

Hand Weapons
 a - a +0 dagger (weapon)
Missiles
 l - 22 arrows
 m - 21 bolts
 p - 41 stones (quivered)
Armour
 d - a +0 robe (worn)
 j - a +0 buckler (worn)
   (You found it on level 1 of the Dungeon)
Jewellery
 i - a +6 ring of strength
   (You found it on level 1 of the Dungeon)
 n - a ring of willpower (left hand)
   (You found it on level 2 of the Dungeon)
 D - a +6 ring of dexterity
   (You found it on level 1 of the Dungeon)
 S - a +6 ring of strength (right hand)
   (You found it on level 1 of the Dungeon)
Wands
 o - a wand of polymorph (10)
   (You found it on level 2 of the Dungeon)
Scrolls
 c - 4 scrolls of teleportation {@r4}
 g - 2 scrolls of magic mapping {unknown}
 q - a scroll of amnesia {unknown}
 r - a scroll of noise {unknown}
 s - a scroll of enchant armour {unknown}
Potions
 b - a potion of haste {unknown}
 e - a potion of attraction {unknown}
 f - a potion of degeneration {unknown}
 h - 2 potions of curing {unknown}
 k - 2 potions of brilliance {unknown}

Dungeon Overview and Level Annotations

Branches:
Dungeon (2/15)

Altars:
Fedhas

..... ...... ∆
.#.#.. .....w
.#..#### .....
#.)#####
#.@#...#
#..#...#
#####.#
##.....####
.....>#
####.....#
#############
###.##.## ..#
#.......#
#......# ..#
#....^..##
###....#
..###........#
#####.#
..#..........#
#.....#


You could see a dart slug.


Message History

You barely miss the quokka. The quokka misses you.
You hit the quokka. The quokka closely misses you.
You barely miss the quokka.
The quokka bites you but does no damage.
You barely miss the quokka. The quokka closely misses you.
You barely miss the quokka. Your bite misses the quokka.
The quokka barely misses you.
You barely miss the quokka. The quokka closely misses you.
The quokka bites you. 😕 HP[-1]
You take 1 damage, and now have 21/25 hp.
You hit the quokka. Your bite misses the quokka. The quokka barely misses you.
You hit the quokka but do no damage. Your bite misses the quokka.
The quokka bites you. 😮 HP[-5]
You take 5 damage, and now have 16/25 hp.
You are too injured to fight recklessly!
You are too injured to fight recklessly!
You are too injured to fight recklessly!
You are too injured to fight recklessly!
You hit the quokka.
You kill the quokka! 😮 HP[+1]
c - 4 scrolls of teleportation {@r4} (gained 1)
A goblin comes into view. 😎 HP[+8] MP[+1]
Your hp is fully restored (25).
Your mp is fully restored (4).
A goblin is nearby!
The goblin shouts!
You hear a shout!
A hobgoblin comes into view. It is wielding a +0 club.
The goblin barely misses you.
You completely miss the goblin. The goblin hits you. 😕 HP[-2]
You take 2 damage, and now have 23/25 hp.
You closely miss the goblin. You bite the goblin, but do no damage.
You block the goblin's attack.
You hit the goblin. You bite the goblin, but do no damage.
The goblin barely misses you.
You hit the goblin.
You kill the goblin!
The hobgoblin misses you. The hobgoblin blocks your attack.
You hit the hobgoblin but do no damage.
The hobgoblin hits you but does no damage.
The hobgoblin blocks your attack.
The hobgoblin hits you with a +0 club! 😮 HP[-7]
You take 7 damage, and now have 16/25 hp.
MASSIVE DAMAGE!! (PAUSE)
The hobgoblin blocks your attack. The hobgoblin hits you with a +0 club.
A dart slug comes into view. 😮 HP[-3]
You take 3 damage, and now have 13/25 hp.
The hobgoblin blocks your attack. The hobgoblin hits you with a +0 club.
* * * LOW HITPOINT WARNING * * *
😨 HP[-1]
You take 1 damage, and now have 12/25 hp.
The hobgoblin blocks your attack.
You bite the hobgoblin, but do no damage.
The hobgoblin hits you with a +0 club.
* * * LOW HITPOINT WARNING * * *
😨 HP[-2]
You take 2 damage, and now have 10/25 hp.
The hobgoblin blocks your attack.
You bite the hobgoblin, but do no damage.
The hobgoblin hits you with a +0 club.
* * * LOW HITPOINT WARNING * * *
😱 HP[-4]
You take 4 damage, and now have 6/25 hp.
The hobgoblin blocks your attack. The hobgoblin hits you with a +0 club.
* * * LOW HITPOINT WARNING * * *
😱 HP[-1]
You take 1 damage, and now have 5/25 hp.
The hobgoblin blocks your attack. The hobgoblin hits you with a +0 club.
* * * LOW HITPOINT WARNING * * *
😱 HP[-2]
You take 2 damage, and now have 3/25 hp.
You hit the hobgoblin but do no damage.
The hobgoblin hits you but does no damage.
You hit the hobgoblin but do no damage. You bite the hobgoblin.
You hit the hobgoblin but do no damage. The hobgoblin hits you with a +0 club.
* * * LOW HITPOINT WARNING * * *
😱 HP[-1]
You take 1 damage, and now have 2/25 hp.
You hit the hobgoblin. The hobgoblin barely misses you.
You hit the hobgoblin.
You kill the hobgoblin!
The dart slug launches a dart at you. You block the slug dart.
You are too injured to fight recklessly!
Throw: 43 stones
Press: ? - help, Q - select action, (/) - cycle Shift-Dir - straight line, f - dart slug
Aim: a dart slug (93% to hit)
You throw a stone. The stone hits the dart slug.
Throw: 42 stones
Press: ? - help, Q - select action, (/) - cycle Shift-Dir - straight line, f/p - dart slug
Aim: a dart slug (moderately wounded, 93% to hit)
You throw a stone. The stone hits the dart slug.
The dart slug launches a dart at you. The slug dart hits you.
You die...

Skill      XL: |  1 |
---------------+----+-----
Fire Magic     | 2 |  2.1
Fighting       | |  0.7
Short Blades   | |  0.7
Long Blades    | |  0.7
Axes           | |  0.7
Maces & Flails | |  0.7
Polearms       | |  0.7
Staves         | |  0.7
Slings         | |  0.7
Bows           | |  0.7
Crossbows      | |  0.7
Throwing       | |  2.6
Armour         | |  0.7
Dodging        | |  0.7
Stealth        | |  0.7
Shields        | |  2.6
Unarmed Combat | |  0.7
Spellcasting   | |  0.7
Conjurations   | |  0.5
Hexes          | |  0.5
Summonings     | |  3.7
Necromancy     | |  0.5
Translocations | |  0.5
Transmutations | |  0.5
Ice Magic      | |  0.5
Air Magic      | |  5.4
Earth Magic    | |  3.7
Poison Magic   | |  0.5
Invocations    | |  0.9
Evocations     | |  0.7

Action                   || total
-------------------------++-------
Melee: Dagger            ||   103
       Bite              ||    12
Throw: Stone             ||     2
 Stab: Sleeping          ||     2
       Distracted        ||     1
Armor: Robe              ||     6
Dodge: Dodged            ||    41
Block: Buckler           ||    12

Levels and vault maps discovered:
D:1:      onia_arrival_mini_spirals, layout_loops_corners, item_on_display_a
D:2:      layout_basic, serial_glass, glass_columns_b, glass_columns_a,
          glass_columns_a, glass_columns_b, glass_columns_c, glass_columns_b,
          minmay_strange_pillars, solitary_fountain, fedhas_altar_1,
          uniq_crazy_yiuf_cottage

Notes
Turn   | Place    | Note
-------+----------+-------------------------------------------
     0 | D:1      | phalm the Gnoll Wanderer began the quest for the Orb.
     0 | D:1      | phalm set off with the following items: a +0 dagger, a
                  | scroll of teleportation {@r4}, a +0 robe; and the following
                  | spells available to memorise: Call Imp, Freeze, Magic Dart,
                  | Mephitic Cloud, Blink, Slow, Conjure Flame, Frozen Ramparts
     0 | D:1      | Reached XP level 1. HP: 13/13 MP: 1/1
     0 | D:1      | magus.rc [v1.9.10]
    96 | D:1      | HP: 2/13 [kobold (2)]
   495 | D:1      | Reached skill level 2 in Fire Magic
   972 | D:1      | Reached XP level 2. HP: 18/19 MP: 2/2
  1351 | D:2      | HP: 5/20 [poisoned by an adder]
  1357 | D:2      | HP: 3/20 [poisoned by an adder]
  1365 | D:2      | HP: 2/20 [poisoned by an adder]
  1625 | D:2      | Reached XP level 3. HP: 21/25 MP: 3/3
  1725 | D:2      | Found a blossoming altar of Fedhas.
  2101 | D:2      | HP: 6/25 [hobgoblin/+0 club (4)]
  2106 | D:2      | HP: 2/25 [hobgoblin/+0 club (1)]
  2110 | D:2      | Killed from afar by a dart slug

Vanquished Creatures
  An adder (D:2)
  A leopard gecko (D:2)
  2 bats
  A giant cockroach (D:1)
  3 hobgoblins
  A quokka (D:2)
  A ball python (D:2)
  A frilled lizard (D:1)
  5 goblins
  2 kobolds
  8 rats
26 creatures vanquished.

Table legend:
 A = Non-vault XP
 B = Vault XP
 C = Vault XP percentage of total XP
 D = Non-vault monster count
 E = Vault monster count
 F = Vault count percentage of total count
                 A         B        C        D         E       F
            +---------+---------+-------+---------+---------+-------
      Total |      49 |       0 |   0.0 |      26 |       0 |   0.0
            +---------+---------+-------+---------+---------+-------
        D:1 |      17 |       0 |   0.0 |      13 |       0 |   0.0
        D:2 |      32 |       0 |   0.0 |      13 |       0 |   0.0
            +---------+---------+-------+---------+---------+-------

Illustrated notes

Table legend:
 A = Kills in this place as a percentage of kills in entire the game.
 B = Kills by you in this place as a percentage of kills by you in the entire game.
 C = Kills by friends in this place as a percentage of kills by friends in the entire game.
 D = Other kills in this place as a percentage of other kills in the entire game.
 E = Experience gained in this place as a percentage of experience gained in the entire game.
 F = Experience gained in this place divided by the number of levels of this place that you have seen.
                   A       B       C       D       E      F
               +-------+-------+-------+-------+-------+----------------------
         Total | 100.0 | 100.0 |   N/A |   N/A | 100.0 |  24.5
       Dungeon | 100.0 | 100.0 |   N/A |   N/A | 100.0 |  24.5
               +-------+-------+-------+-------+-------+----------------------

Table legend: (Time is in decaauts)
 A = Elapsed time spent in this place.
 B = Non-inter-level travel time spent in this place.
 C = Inter-level travel time spent in this place.
 D = Time resting spent in this place.
 E = Time spent auto-exploring this place.
 F = Levels seen in this place.
 G = Mean time per level.
                   A        B        C        D        E       F      G
               +--------+--------+--------+--------+--------+-----+--------+
         Total |   2107 |   2036 |     71 |      0 |   1817 |   2 | 1053.5 |
       Dungeon |   2107 |   2036 |     71 |      0 |   1817 |   2 | 1053.5 |
               +--------+--------+--------+--------+--------+-----+--------+

Top non-repeatable levels by time:
     D:1: 1309 daAuts
     D:2: 798 daAuts
